 Dungeon Crawl Stone Soup version 0.17-a0-2098-gf59d6bc (webtiles) character file.

83 4thArraOfDagon the Chopper (level 4, 0/30 HPs)
             Began as an Octopode Gladiator on Oct 17, 2015.
             Was an Initiate of Cheibriados.
             Succumbed to poison (a potion of poison)
             ... on level 4 of the Dungeon.
             The game lasted 00:03:54 (659 turns).

4thArraOfDagon the Chopper (Octopode Gladiator)      Turns: 659, Time: 00:03:54

Health: 0/30       AC:  1    Str: 21    XL:     4   Next: 44%
Magic:  4/4        EV: 19    Int: 12    God:    Cheibriados [......]
Gold:   59         SH:  0    Dex: 18    Spells: 0 memorised, 3 levels left

rFire  . . .     SeeInvis .     a - +0 war axe
rCold  . . .     Clarity  .     (no shield)
rNeg   . . .     SustAt   .     b - +0 hat
rPois  .         Gourm    .     (no amulet)
rElec  .         Spirit   .     e - +6 ring of strength
rCorr  .         Warding  .     (no ring)
rMut   .         Stasis   .     (no ring)
MR     .....                    (no ring)
Stlth  ++++......               (no ring)
                                (no ring)
                                (no ring)
                                (no ring)

@: agile, lethally poisoned (0 -> -17), very slow, not resistant to hostile
enchantments, stealthy
A: almost no armour, amphibious, 8 rings, constrict 8, camouflage 1, gelatinous
body 1
a: Bend Time, Renounce Religion


You were on level 4 of the Dungeon.
You worshipped Cheibriados.
Cheibriados was noncommittal.
You were not hungry.

You visited 2 branches of the dungeon, and saw 5 of its levels.

You collected 59 gold pieces.

Inventory:

Hand Weapons
 a - a +0 war axe (weapon)
Missiles
 c - 2 throwing nets (quivered)
Armour
 b - a +0 hat (worn)
Jewellery
 e - a +6 ring of strength (left tentacle)
Scrolls
 g - a scroll of enchant armour {unknown}
 h - a scroll of fear {unknown}
Potions
 l - a potion of poison
Comestibles
 d - a bread ration
 m - a beef jerky


   Skills:
 + Level 2.9 Fighting
 * Level 4.2 Axes
 - Level 2.0 Throwing
 + Level 3.4 Dodging
 + Level 0.0 Invocations


You had 3 spell levels left.
You didn't know any spells.

Dungeon Overview and Level Annotations

Branches:
Dungeon (4/15)             Temple (1/1) D:4

Altars:
Ashenzari
Cheibriados
Ru

Annotations:
D:4 Eustachio


Innate Abilities, Weirdness & Mutations

You cannot wear most types of armour.
You are amphibious.
You can wear up to eight rings at the same time.
You can use your tentacles to constrict eight enemies at once.
Your skin changes colour to match your surroundings (Stealth).
Your rubbery body absorbs attacks (AC +1).


Message History

The net rips apart, and the ogre comes free!
The ogre misses you.
Unknown command.
You closely miss the ogre. Your squeeze misses the ogre.
The ogre is almost dead.
The ogre hits you with a giant club!!
Ouch! That really hurt!
* * * LOW HITPOINT WARNING * * *
Eustachio gestures wildly while chanting.
Unknown command.
Unknown command.
Throwing (i - inventory):
c - 2 throwing nets (quivered)
Press: ? - help, Shift-Dir - straight line, f/p - ogre
Aim: an ogre, wielding a giant club (almost dead)
Okay, then.
Drink which item? (? for menu, Esc to quit)
It was a potion of poison.
That liquid tasted very nasty...
You are lethally poisoned!
You die...

,,,** #.............,,,,,,,,,,
,,** ##.............,,,,,,,,, ,,*
#....#........,,,,,,,,, ,,**
#...##........,,,,,,,,, *,,**
##...##.........,,,,,,,, **,,**
#.....#.>.......,,,,,,,,
**,,****#..#..#.........,,,,,,,,
**,,*#...###..†.[......,,,,,,,,
**,....#* #..@@5......,,,,****
**...#* #.8O8.8.....,,,,*,**
*...* #..55⌠......,,,**_,*
**..,** #.8.>.8.....,,,*8,,,
*****,,,,,** #..⌠.⌠......,,,**_,*
,**,,,***,,**#.8.8.8.....,,,,*,**
,,,,,** ***,,#...........,,,,****
,,,,** **.>...........,,,,,,,,
,,,,* ###...........,,,,,,,,


You could see Eustachio, an ogre, a crimson imp, a white imp and an ufetubus.

Vanquished Creatures
  A worker ant (D:4)
  An adder (D:2)
  A gnoll (D:2)
  An ooze (D:1)
  A worm (D:2)
  A bat (D:2)
  4 hobgoblins (D:1)
  5 jackals
  3 kobolds
  5 giant newts
  4 goblins
  A rat (D:1)
28 creatures vanquished.

Notes
Turn   | Place    | Note
--------------------------------------------------------------
     0 | D:1      | 4thArraOfDagon the Octopode Gladiator began the quest for the Orb.
     0 | D:1      | Reached XP level 1. HP: 14/14 MP: 1/1
   134 | D:1      | Reached XP level 2. HP: 14/19 MP: 2/2
   301 | D:2      | Found a sacrificial altar of Ru.
   341 | D:2      | Reached XP level 3. HP: 20/25 MP: 3/3
   475 | D:3      | Reached skill level 4 in Axes
   514 | D:4      | Reached XP level 4. HP: 30/30 MP: 4/4
   549 | D:4      | Noticed an ogre
   595 | D:4      | Found a staircase to the Ecumenical Temple.
   612 | D:4      | Noticed an ogre
   614 | D:4      | Noticed Eustachio
   614 | Temple   | Entered the Ecumenical Temple
   631 | Temple   | Became a worshipper of Cheibriados the Contemplative
   659 | D:4      | Succumbed to poison (a potion of poison)

Vault maps used:
D:1:      roderic_crop_circles_arrival_small, minivault_5
D:2:      nicolae_ru_awakened_eye
D:4:      gammafunk_temple_overflow_statue,
          minmay_temple_entry_statues_fountains, first_bread, hex_large,
          serial_bayou_pond_d, uniq_eustachio
Temple:   temple_of_Zot_ovaries

Action                   |  1- 3 |  4- 6 || total
-------------------------+-------+-------++-------
Melee: War axe           |    41 |     7 ||    48
Throw: Throwing net      |     5 |     1 ||     6
  Use: Scroll            |       |     4 ||     4
       Potion            |       |     2 ||     2
 Stab: Sleeping          |     3 |       ||     3
       Held in net/web   |       |     1 ||     1
